 Dungeon Crawl Stone Soup version 0.28-a0-1616-g050a50673c (webtiles) character file.

Game seed: 5993026300482820940

627 issech the Cudgeller (level 7, -15/70 HPs)
             Began as a Troll Berserker on Jan 22, 2022.
             Was a Priest of Trog.
             Killed from afar by an acid dragon (24 damage)
             ... with a splash of acid
             ... on level 4 of the Dungeon.
             The game lasted 00:11:20 (3210 turns).

issech the Cudgeller (Troll Berserker)              Turns: 3210, Time: 00:11:20

Health: -15/70     AC:  0    Str: 26    XL:     7   Next: 23%
Magic:  6/6        EV: 10    Int:  3    God:    Trog [***...]
Gold:   154        SH:  0    Dex: 11    Spells: 6/6 levels left

rFire   . . .      SeeInvis .   a - +1 mace
rCold   . . .      Faith    .   (no shield)
rNeg    . . .      Spirit   .   b - +0 animal skin
rPois   .          Reflect  .   (helmet restricted)
rElec   .          Harm     .   (no cloak)
rCorr   .          Rampage  .   (gloves unavailable)
Will    .....                   (boots unavailable)
Stlth   +.........              (no amulet)
HPRegen 1.01/turn               (no ring)
MPRegen 0.10/turn               (no ring)

@: corroded
A: large, unfitting armour, claws 3, regeneration 1, shaggy fur 1, tough skin 1,
MP-powered wands, noise suppression
a: Renounce Religion, Berserk, Trog's Hand


You were on level 4 of the Dungeon.
You worshipped Trog.
Trog was most pleased with you.
You visited 1 branch of the dungeon, and saw 4 of its levels.

You collected 154 gold pieces.

Inventory:

Hand Weapons
 a - a +1 mace (weapon)
 i - a +0 hunting sling
 k - a +1 whip of electrocution
Missiles
 d - 42 sling bullets
 g - 144 stones
 j - 47 arrows
 l - 6 javelins (quivered)
 o - 3 boomerangs
 w - 32 bolts
Armour
 b - a +0 animal skin (worn)
 h - an orb of guile
 r - the +2 robe of the Sea {Harm rElec Dex-5}
   (You found it on level 4 of the Dungeon)

   Dex:       It affects your dexterity (-5).
   rElec:     It insulates you from electricity.
   Harm:      It increases damage dealt and taken.
Scrolls
 m - a scroll of enchant weapon
 n - a scroll of teleportation
 q - a scroll of blinking
 s - a scroll of enchant armour {unknown}
 u - a scroll of fog
 v - a scroll of immolation {unknown}
Potions
 c - 2 potions of mutation
 e - a potion of ambrosia {unknown}
 f - 3 potions of lignification
 p - 2 potions of heal wounds {unknown}
 t - a potion of brilliance {unknown}
 x - a potion of magic {unknown}


   Skills:
 + Level 4.0 Fighting
 + Level 5.6 Maces & Flails
 + Level 4.0 Dodging
 + Level 0.4 Stealth


You had 6 spell levels left.
You didn't know any spells.
Your spell library contained the following spells:

 Spells                   Type           Power      Damage    Failure   Level
 Animate Skeleton         Necr           0%         N/A       52%         1
 Apportation              Tloc           0%         N/A       52%         1
 Summon Small Mammal      Summ           0%         N/A       52%         1
 Corpse Rot               Necr/Air       0%         N/A       67%         2
 Poisonous Vapours        Pois/Air       0%         N/A       67%         2
 Dazzling Flash           Conj/Hex       0%         N/A       88%         3
 Agony                    Necr           0%         N/A       100%        5
 Silence                  Hex/Air        0%         N/A       100%        5


Dungeon Overview and Level Annotations

Branches:
Dungeon (4/15)
 Temple: D:4-7

Altars:
Fedhas
Gozag
Makhleb


Innate Abilities, Weirdness & Mutations

You are too large for most types of armour.
You have claws for hands.
Your natural rate of healing is unusually fast.
You are covered in fur. (AC +1)
You have tough skin. (AC +1)
You expend magic power (3 MP) to strengthen your wands.
You passively dampen the noise of your surroundings.


Message History

You kill the endoplasm!
Trog accepts your kill.
You open the door. You open the door.
There is an open door here.
Things that are here:
a +0 dagger; a kobold skeleton An ufetubus comes into view.
The ufetubus shouts!
You sock the ufetubus!
You kill the ufetubus!
Trog accepts your kill.
Your Fighting skill increases to level 4!
g - 144 stones (gained 29)
An acid dragon comes into view.
The acid dragon roars!
The acid dragon spits acid at you. The splash of acid hits you!!
The acid corrodes you!
You hit the acid dragon but do no damage.
The acid dragon bites you. The acid dragon barely misses you. x2
The acid dragon claws you.
You hit the acid dragon.
The acid dragon is lightly wounded.
The acid dragon bites you! The acid dragon barely misses you.
You sock the acid dragon!
The acid dragon is heavily wounded.
The acid dragon bites you! The acid dragon claws you.
* * * LOW HITPOINT WARNING * * *
You barely miss the acid dragon.
The acid dragon is heavily wounded.
The acid dragon bites you.
* * * LOW HITPOINT WARNING * * *
The acid dragon barely misses you. The acid dragon spits acid at you.
The splash of acid hits you!
* * * LOW HITPOINT WARNING * * *
The acid corrodes you! The acid dragon spits acid at you.
The splash of acid hits you!!
You die...

####### ......# #####.# ##
#.# ##### .# #.###...# .#
#.#.'...# .# #.#.#...# .#
#.#.#.### ########.#
.####.#.#.# #.@.......
........#.# #.########
.######.#.# ###.# ... #
.#<.....#.###..D###.###.##
..........................
...)......###..#.......###
...............#..........
#########.####.#.......###
###........# #.#.......#


You could see an acid dragon (catching breath).

Vanquished Creatures
  A black bear (D:4)
  An ogre (D:4)
  2 scorpions (D:4)
  A hound (D:4)
  An iguana (D:4)
  Natasha (thrice) (D:2)
  An orc wizard (D:3)
  A hound skeleton (D:4)
  6 adders
  An ufetubus (D:4)
  3 worms
  A dart slug (D:2)
  5 orcs
  5 ball pythons
  8 endoplasms
  2 giant cockroaches
  9 goblins
  5 hobgoblins
  14 jackals
  A quokka (D:2)
  5 bats
  2 frilled lizards (D:2)
  7 kobolds
  3 rats
88 creatures vanquished.

Notes
Turn   | Place    | Note
-------+----------+-------------------------------------------
     0 | D:1      | issech the Troll Berserker began the quest for the Orb.
     0 | D:1      | Reached XP level 1. HP: 22/22 MP: 0/0
   112 | D:1      | HP: 1/22 [jackal (3)]
   127 | D:1      | Reached XP level 2. HP: 19/29 MP: 1/1
   330 | D:1      | Reached skill level 3 in Maces & Flails
   479 | D:1      | Reached ** piety under Trog
   488 | D:1      | Found a faded altar of an unknown god.
   622 | D:1      | Reached XP level 3. HP: 36/36 MP: 2/2
   919 | D:2      | Noticed Natasha
   925 | D:2      | Killed Natasha
   926 | D:2      | Reached XP level 4. HP: 42/44 MP: 3/3
  1176 | D:2      | Noticed Natasha
  1181 | D:2      | Killed Natasha
  1199 | D:2      | Reached skill level 4 in Maces & Flails
  1306 | D:2      | Noticed Natasha
  1314 | D:2      | Killed Natasha
  1315 | D:2      | Reached XP level 5. HP: 39/53 MP: 4/4
  1761 | D:3      | Reached *** piety under Trog
  1783 | D:3      | Found an opulent altar of Gozag.
  2425 | D:3      | Gained mutation: You expend magic power (3 MP) to
                  | strengthen your wands. [potion of mutation]
  2425 | D:3      | Gained mutation: You passively dampen the noise of your
                  | surroundings. [potion of mutation]
  2473 | D:4      | Found a burning altar of Makhleb.
  2501 | D:4      | Identified the +2 robe of the Sea {Harm rElec Dex-5}
  2519 | D:4      | Reached XP level 6. HP: 40/61 MP: 5/5
  2710 | D:4      | Reached skill level 5 in Maces & Flails
  2844 | D:4      | Found a blossoming altar of Fedhas.
  2856 | D:4      | Reached XP level 7. HP: 58/68 MP: 6/6
  3210 | D:4      | Killed from afar by an acid dragon

Illustrated notes

Levels and vault maps discovered:
D:1:      sevenhm_arrival_forest_fort_small_3, layout_basic,
          shapermc_ecumenical_altar_mp_ritualfount
D:2:      layout_loops_corners, st_stairs_5, uniq_natasha
D:3:      layout_loops_cross, mainiacjoe_overflow_brackets,
          minmay_misc_feat_more_columns, kennysheep_generic_room_16
D:4:      layout_basic, mainiacjoe_overflow_catwalk, bloody_makhleb

Skill      XL: |  1  2  3  4  5  6  7 |
---------------+----------------------+-----
Maces & Flails | 3 4 5 |  5.6
Dodging        | 3 4 |  4.0
Fighting       | 3 4 |  4.0
Stealth        | |  0.4

Action                   |  1- 3 |  4- 6 |  7- 9 || total
-------------------------+-------+-------+-------++-------
Melee: Mace              |   110 |   197 |    14 ||   321
       Punch             |     1 |     2 |       ||     3
  Use: Scroll            |       |     4 |       ||     4
       Potion            |       |     2 |       ||     2
Armor: Animal skin       |    71 |    71 |       ||   142
Dodge: Dodged            |   125 |   115 |     6 ||   246

Table legend: (Time is in decaauts)
 A = Elapsed time spent in this place.
 B = Non-inter-level travel time spent in this place.
 C = Inter-level travel time spent in this place.
 D = Time resting spent in this place.
 E = Time spent auto-exploring this place.
 F = Levels seen in this place.
 G = Mean time per level.
                   A        B        C        D        E       F      G
               +--------+--------+--------+--------+--------+-----+--------+
         Total |   3278 |   3264 |     14 |    120 |   1673 |   4 |  819.5 |
       Dungeon |   3278 |   3264 |     14 |    120 |   1673 |   4 |  819.5 |
               +--------+--------+--------+--------+--------+-----+--------+

Top non-repeatable levels by time:
     D:2: 990 daAuts
     D:4: 791 daAuts
     D:1: 766 daAuts
     D:3: 730 daAuts
